 Dungeon Crawl Stone Soup version 0.18.1-5-g4a78601 (webtiles) character file.

81 Gorice the Cudgeler (level 4, -2/26 HPs)
             Began as a Tengu Transmuter on May 14, 2016.
             Slain by Crazy Yiuf
             ... wielding a +2 quarterstaff of chaos
              (4 damage)
             ... on level 2 of the Dungeon.
             The game lasted 00:05:14 (1234 turns).

Gorice the Cudgeler (Tengu Transmuter)              Turns: 1234, Time: 00:05:15

Health: -2/26      AC:  6    Str: 11    XL:     4   Next: 40%
Magic:  8/8        EV: 11    Int: 14    God:
Gold:   50         SH:  0    Dex: 14    Spells: 1 memorised, 6 levels left

rFire  . . .     SeeInvis .     r - +1 whip (venom)
rCold  . . .     Gourm    .     o - +1 ring mail
rNeg   . . .     Faith    .     (no shield)
rPois  .         Spirit   .     (helmet restricted)
rElec  .         Dismiss  .     (no cloak)
rCorr  .         Reflect  .     (no gloves)
SustAt .         Harm     .     (boots unavailable)
MR     .....                    (no amulet)
Stlth  +.........               (no ring)
                                (no ring)

@: very slightly contaminated, hasted, very quick, not resistant to hostile
enchantments, very unstealthy
A: beak, talons 3
a: no special abilities


You were on level 2 of the Dungeon.
You were not hungry.

You visited 1 branch of the dungeon, and saw 2 of its levels.

You collected 50 gold pieces.

Inventory:

Hand Weapons
 r - a +1 whip of venom (weapon)
   (You found it on level 1 of the Dungeon)
Missiles
 a - 54 arrows
 Z - 41 stones (quivered)
Armour
 b - a +0 robe
 i - a +0 scale mail
 o - a +1 ring mail (worn)
Scrolls
 j - a scroll of teleportation {unknown}
 m - 3 scrolls of remove curse
 p - a scroll of enchant armour
Potions
 e - a potion of beneficial mutation {unknown}
 g - 2 potions of flight
 q - a potion of curing
 s - a potion of agility {!q}
Books
 c - a book of Changes
Comestibles
 d - 3 bread rations {!e}
 f - a slice of pizza
 h - 4 chunks of flesh


   Skills:
 - Level 1.7 Fighting
 * Level 3.5 Maces & Flails
 - Level 2.6 Dodging
 - Level 3.2 Unarmed Combat
 - Level 2.0 Spellcasting
 - Level 1.5 Transmutations


You had 6 spell levels left.
You knew the following spells:

 Your Spells              Type           Power        Failure   Level  Hunger
a - Beastly Appendage     Trmt           #.....       30%         1    ##.....


Dungeon Overview and Level Annotations

Branches:
Dungeon (2/15)

Altars:

Annotations:
D:2 Crazy Yiuf


Innate Abilities, Weirdness & Mutations

You have a beak for a mouth.
You have claws for feet.


Message History

Natasha is heavily wounded.
Natasha casts a spell at you. You resist with significant effort.
That item cannot be evoked!
You hit Natasha.
Natasha looks even sicker.
Natasha is severely wounded.
You kill Natasha!
Natasha screams in pain as she dies!
Your Maces & Flails skill increases to level 3!
You have reached level 4!
You feel clever.
Some of the chunks of flesh in your inventory have rotted away.
You open the door.
Crazy Yiuf the Enlightened comes into view.
He is wielding a quarterstaff of chaos.
Crazy Yiuf shouts!
Found a mace.
Throwing (i - inventory):
Z - 43 stones (quivered)
Press: ? - help, Shift-Dir - straight line, f - Crazy Yiuf
Aim: Crazy Yiuf, wielding a quarterstaff of chaos and wearing a cloak You throw a stone.
The stone hits Crazy Yiuf but does no damage.
Throwing (i - inventory):
Z - 42 stones (quivered)
Press: ? - help, Shift-Dir - straight line, f/p - Crazy Yiuf
Aim: Crazy Yiuf, wielding a quarterstaff of chaos and wearing a cloak You throw a stone.
The stone hits Crazy Yiuf but does no damage.
You hit Crazy Yiuf.
Crazy Yiuf is poisoned.
You peck Crazy Yiuf, but do no damage.
Crazy Yiuf is moderately wounded.
Crazy Yiuf hits you with a quarterstaff of chaos!
* * * LOW HITPOINT WARNING * * *
You feel yourself speed up.
You are very lightly contaminated with residual magic.
Damage: 10 (max 10)
You hit Crazy Yiuf but do no damage.
Crazy Yiuf looks even sicker.
Your kick misses Crazy Yiuf.
Crazy Yiuf is moderately wounded.
You hit Crazy Yiuf.
Crazy Yiuf is severely wounded.
Crazy Yiuf hits you with a quarterstaff of chaos!
* * * LOW HITPOINT WARNING * * *
Crazy Yiuf draws strength from your injuries!
Damage: 10 (max 10) Unknown command.
Drink which item? (? for menu, Esc to quit)
You feel better.
Crazy Yiuf hits you with a quarterstaff of chaos!
* * * LOW HITPOINT WARNING * * *
Crazy Yiuf burns you.
You die...

#....###.###.....#
#....# #.........#
#PP.P# #.........#
##.P.# #.........#
##.## #......#####
##.# #......##...
#.## #.........##
##.# #.......####
#@## #..........#
#g# #........#.#
.(. #.####......
#.(.# #.# #......
#)..# #.# ##......
##### #.# #.......
#.# #.####'# #.#
#....#.. #.#
####.###


You could see Crazy Yiuf.

Vanquished Creatures
  Natasha (D:2)
  2 adders (D:2)
  An ooze (D:1)
  A dart slug (D:2)
  A giant gecko (D:2)
  2 bats
  3 goblins
  8 hobgoblins
  3 quokkas (D:2)
  A ball python (D:2)
  2 giant newts
  3 kobolds
  3 rats (D:1)
31 creatures vanquished.

Notes
Turn   | Place    | Note
--------------------------------------------------------------
     0 | D:1      | Gorice the Tengu Transmuter began the quest for the Orb.
     0 | D:1      | Reached XP level 1. HP: 12/12 MP: 4/4
   353 | D:1      | Reached XP level 2. HP: 16/17 MP: 4/6
   760 | D:1      | You fall through a shaft!
   773 | D:2      | Reached skill level 1 in Maces & Flails
   943 | D:2      | Reached XP level 3. HP: 17/21 MP: 7/7
   981 | D:2      | Reached skill level 2 in Maces & Flails
  1222 | D:2      | Noticed Natasha
  1224 | D:2      | Killed Natasha
  1224 | D:2      | Reached skill level 3 in Maces & Flails
  1224 | D:2      | Reached XP level 4. HP: 22/26 MP: 8/8
  1228 | D:2      | Noticed Crazy Yiuf
  1233 | D:2      | HP: 3/26 [Crazy Yiuf/quarterstaff of chaos (10)]
  1234 | D:2      | Slain by Crazy Yiuf

Skill      XL: |  1  2  3 |
---------------+----------+-----
Maces & Flails | 1 3 |  3.5
Fighting       | |  1.7
Dodging        | |  2.6
Unarmed Combat | |  3.2
Spellcasting   | |  2.0
Transmutations | |  1.5

Action                   |  1- 3 |  4- 6 || total
-------------------------+-------+-------++-------
Melee: Unarmed           |    19 |       ||    19
       Kick              |     9 |       ||     9
       Peck              |     7 |     1 ||     8
       Headbutt          |     1 |       ||     1
       Whip              |    52 |     3 ||    55
       Punch             |     1 |       ||     1
Throw: Stone             |     7 |     2 ||     9
 Cast: Beastly Appendage |     5 |       ||     5
  Use: Scroll            |    10 |       ||    10
       Potion            |       |     1 ||     1
  Eat: Chunk             |     1 |       ||     1
Armor: Robe              |     2 |       ||     2
       Ring mail         |    12 |       ||    12
Dodge: Dodged            |    37 |       ||    37

Table legend:
 A = Turns spent in this place as a percentage of turns spent in the entire game.
 B = Non-inter-level travel turns spent in this place as a percentage of non-inter-level travel turns spent in the entire game.
 C = Inter-level travel turns spent in this place as a percentage of turns spent in this place.
 D = Turns resting spent in this place as a percentage of non-inter-level travel turns spent in this place.
 E = Turns spent auto-exploring this place as a percentage of non-inter-level travel turns spent in this place.
 F = Non-inter-level travel turns spent in this place divided by the number of levels of this place that you've seen.
                   A       B       C       D       E      F
               +-------+-------+-------+-------+-------+----------------------
         Total | 100.0 | 100.0 |   0.2 |   1.9 |   7.5 | 214.0
       Dungeon | 100.0 | 100.0 |   0.2 |   1.9 |   7.5 | 214.0
               +-------+-------+-------+-------+-------+----------------------

Vault maps used:
D:1:      lightli_arrival_farm
D:2:      grunt_decor_clamped, uniq_robin, uniq_crazy_yiuf_cottage, uniq_natasha
